HSSL
SPANISH FORK HS @ EVANS HS KNIGHTS
05/04/2025
 
TOP OF THE 1ST
Spanish Fork HS batting - Pitching for Evans HS Knights : LHP Bob Watkins
Pitching: LHP Bob Watkins
Batting: RHB Ron Newcombe 0-0: Foul Ball, location: 2F
0-1: Ball
1-1: Ball
2-1: Ball
3-1: Foul Ball, location: 2F
3-2: Strikes out swinging
Batting: RHB Gary Roberts 0-0: SINGLE (Flyball, 78S)
Batting: RHB Steve Meyers 0-0: Foul Ball, location: 2F
0-1: Ball
1-1: Swinging Strike
1-2: Ball
2-2: Ball
3-2: Base on Balls
Gary Roberts to second
Batting: RHB Jim Jones 0-0: SINGLE (Line Drive, 8LS)
Gary Roberts to third
Steve Meyers to second
Batting: RHB Steve Myers 0-0: Called Strike
0-1: SINGLE (Groundball, 5)
Gary Roberts scores
Steve Meyers to third
Jim Jones to second
Runner from 3rd tries for Home, SAFE, throw made home
Jim Jones to third
Steve Myers to second
Batting: RHB Chester Mullins 0-0: Called Strike
0-1: SINGLE (Line Drive, 8LS)
Jim Jones scores
Steve Myers to third
Runner from 3rd tries for Home, SAFE, no throw or cutoff
Batting: RHB Peter Jones 0-0: Called Strike
0-1: SINGLE (Groundball, 4)
Chester Mullins to second
Runner from 2nd tries for 3rd, SAFE, throw made to third
Batting: SHB Héctor Arteago 0-0: Called Strike
0-1: Called Strike
0-2: Ball
1-2: Ball
2-2: Ball
Wild Pitch!
Chester Mullins scores
Peter Jones to second
3-2: Base on Balls
Batting: RHB Ray Hernández 0-0: Ground out 6-3 (Groundball, 6MD)
Peter Jones to third
Héctor Arteago to second
Batting: RHB Ron Newcombe 0-0: Ball
1-0: Called Strike
1-1: Ball
2-1: Ball
3-1: Base on Balls
Batting: RHB Gary Roberts 0-0: Ball
1-0: Swinging Strike
1-1: Ball
2-1: Called Strike
2-2: Ball
3-2: Strikes out swinging
Top of the 1st over - 5 run(s), 5 hit(s), 0 error(s), 3 left on base; Spanish Fork HS 5 - Evans HS 0
BOTTOM OF THE 1ST
Evans HS Knights batting - Pitching for Spanish Fork HS : LHP Bob Taylor
Pitching: LHP Bob Taylor
Batting: RHB Fernando Rosales 0-0: Ball
1-0: Ball
2-0: Ground out 5-3 (Groundball, 56)
Batting: SHB Brandon Hathaway 0-0: Ball
1-0: Called Strike
1-1: SINGLE (Line Drive, 89S)
Batting: LHB Quinn Webb 0-0: Foul Ball, location: 2F
0-1: Ball
1-1: Foul Ball, location: 2F
1-2: Foul Ball, location: 2F
1-2: Foul Ball, location: 2F
1-2: Strikes out swinging
Batting: RHB Harvey Mawhinney 0-0: Ball
1-0: Foul Ball, location: 2F
1-1: SINGLE (Groundball, 34D)
Brandon Hathaway to second
Runner from 2nd tries for 3rd, SAFE, throw made to third
Batting: LHB Gerald Murphy 0-0: Called Strike
0-1: Ball
1-1: Called Strike
1-2: Ball
2-2: Ball
3-2: Foul Ball, location: 2F
3-2: Base on Balls
Harvey Mawhinney to second
Batting: LHB Michael Wilson 0-0: Called Strike
0-1: Ball
1-1: Foul Ball, location: 2F
1-2: SINGLE (Flyball, 89S)
Brandon Hathaway scores
Harvey Mawhinney to third
Gerald Murphy to second
Batting: RHB Bill Rice 0-0: Ball
1-0: Ball
2-0: Ball
3-0: Called Strike
3-1: SINGLE (Groundball, 4M)
Harvey Mawhinney scores
Gerald Murphy to third
Michael Wilson to second
Runner from 3rd tries for Home, SAFE, no throw or cutoff
Batting: LHB Nick Weber 0-0: Ball
1-0: Called Strike
1-1: Foul Ball, location: 2F
1-2: Strikes out swinging
Bottom of the 1st over - 3 run(s), 4 hit(s), 0 error(s), 2 left on base; Spanish Fork HS 5 - Evans HS 3
TOP OF THE 2ND
Spanish Fork HS batting - Pitching for Evans HS Knights : LHP Bob Watkins
Batting: RHB Steve Meyers 0-0: Ground out 1-3 (Groundball, 13S)
Batting: RHB Jim Jones 0-0: Ball
1-0: SINGLE (Groundball, 56S)
Batting: RHB Steve Myers 0-0: Called Strike
0-1: Ball
1-1: 2-RUN HOME RUN (Flyball, 7D), Distance : 394 ft
Batting: RHB Chester Mullins 0-0: Swinging Strike
0-1: DOUBLE (Line Drive, 5L)
Batting: RHB Peter Jones 0-0: Called Strike
0-1: Ball
1-1: SINGLE (Groundball, 6MD)
Chester Mullins to third
Runner from 3rd tries for Home, SAFE, throw made home
Peter Jones to second
Batting: SHB Héctor Arteago 0-0: Called Strike
0-1: Ground out 6-3 (Groundball, 6)
Batting: RHB Ray Hernández 0-0: Fly out, F5 (Popup, 5SF)
Top of the 2nd over - 3 run(s), 4 hit(s), 0 error(s), 1 left on base; Spanish Fork HS 8 - Evans HS 3
BOTTOM OF THE 2ND
Evans HS Knights batting - Pitching for Spanish Fork HS : LHP Bob Taylor
Batting: RHB David Banks 0-0: Ball
1-0: Called Strike
1-1: Called Strike
1-2: Fly out, F5 (Line Drive, 56)
Batting: RHB Fernando Rosales 0-0: Ground out 6-3 (Groundball, 6)
Batting: SHB Brandon Hathaway 0-0: SINGLE (Groundball, 6MD)
Batting: LHB Quinn Webb 0-0: Ball
1-0: Fly out, F3 (Popup, 4)
Bottom of the 2nd over - 0 run(s), 1 hit(s), 0 error(s), 1 left on base; Spanish Fork HS 8 - Evans HS 3
TOP OF THE 3RD
Spanish Fork HS batting - Pitching for Evans HS Knights : LHP Bob Watkins
Batting: RHB Ron Newcombe 0-0: Ball
1-0: Foul Ball, location: 2F
1-1: Ball
2-1: Foul Ball, location: 2F
2-2: Fly out, F9 (Line Drive, 9M)
Batting: RHB Gary Roberts 0-0: Called Strike
0-1: Ball
1-1: Foul Ball, location: 2F
1-2: Ball
2-2: Foul Ball, location: 2F
2-2: Foul Ball, location: 2F
2-2: Ground out 6-3 (Groundball, 6)
Batting: RHB Steve Meyers 0-0: Called Strike
0-1: Ball
1-1: Foul Ball, location: 2F
1-2: Ground out 4-3 (Groundball, 4)
Top of the 3rd over - 0 run(s), 0 hit(s), 0 error(s), 0 left on base; Spanish Fork HS 8 - Evans HS 3
BOTTOM OF THE 3RD
Evans HS Knights batting - Pitching for Spanish Fork HS : LHP Bob Taylor
Batting: RHB Harvey Mawhinney 0-0: Ball
1-0: Ball
2-0: Called Strike
2-1: Ball
3-1: Base on Balls
Batting: LHB Gerald Murphy 0-0: Ball
1-0: Ball
2-0: Ball
3-0: Called Strike
3-1: Base on Balls
Harvey Mawhinney to second
Batting: LHB Michael Wilson 0-0: Ball
1-0: Ball
2-0: Called Strike
2-1: Fly out, F3 (Popup, 3F)
Batting: RHB Bill Rice 0-0: Foul Ball, location: 2F
0-1: Ball
1-1: Ball
2-1: Ball
3-1: SINGLE (Line Drive, 34D)
Harvey Mawhinney to third
Gerald Murphy to second
Throwing error, E9
Harvey Mawhinney scores
Gerald Murphy to third
Bill Rice to second
Batting: LHB Nick Weber 0-0: Swinging Strike
0-1: Foul Ball, location: 2F
0-2: Strikes out swinging
Batting: RHB David Banks 0-0: Ball
1-0: Ball
2-0: Foul Ball, location: 2F
2-1: Foul Ball, location: 2F
2-2: Foul Ball, location: 2F
2-2: Foul Ball, location: 2F
2-2: Strikes out swinging
Bottom of the 3rd over - 1 run(s), 1 hit(s), 1 error(s), 2 left on base; Spanish Fork HS 8 - Evans HS 4
TOP OF THE 4TH
Spanish Fork HS batting - Pitching for Evans HS Knights : LHP Bob Watkins
Pitching: RHP Trey Sims
Batting: RHB Jim Jones 0-0: Ball
1-0: Called Strike
1-1: Ball
2-1: Foul Ball, location: 2F
2-2: Foul Ball, location: 2F
2-2: Ball
3-2: Fly out, F9 (Flyball, 9S)
Batting: RHB Steve Myers 0-0: Ball
1-0: Foul Ball, location: 2F
1-1: Ball
2-1: Ball
3-1: Base on Balls
Batting: RHB Chester Mullins 0-0: Ball
1-0: Called Strike
1-1: Ball
2-1: Foul Ball, location: 2F
2-2: Hit by Pitch
Steve Myers to second
Batting: RHB Peter Jones 0-0: Ball
1-0: Ball
2-0: Ball
3-0: Called Strike
3-1: Swinging Strike
3-2: Base on Balls
Steve Myers to third
Chester Mullins to second
Batting: SHB Héctor Arteago 0-0: Called Strike
0-1: Called Strike
0-2: Ball
1-2: SINGLE (Groundball, 56D)
Steve Myers scores
Chester Mullins to third
Peter Jones to second
Runner from 3rd tries for Home, throw and OUT!
Batting: RHB Ray Hernández 0-0: Ball
1-0: Swinging Strike
1-1: Fielders Choice at 2nd, 6-4 (Groundball, 6S)
Top of the 4th over - 1 run(s), 1 hit(s), 0 error(s), 1 left on base; Spanish Fork HS 9 - Evans HS 4
BOTTOM OF THE 4TH
Evans HS Knights batting - Pitching for Spanish Fork HS : LHP Bob Taylor
Batting: RHB Fernando Rosales 0-0: Ball
1-0: Ball
2-0: Ball
3-0: Base on Balls
Batting: SHB Brandon Hathaway 0-0: Called Strike
0-1: Foul Ball, location: 2F
0-2: Foul Ball, location: 2F
0-2: Strikes out looking
Pitching: RHP Wade Sweeny
Batting: LHB Quinn Webb 0-0: Foul Ball, location: 2F
0-1: Called Strike
0-2: Strikes out looking
Batting: RHB Harvey Mawhinney 0-0: Ball
1-0: Foul Ball, location: 2F
1-1: Ball
2-1: Fly out, F6 (Popup, 6M)
Bottom of the 4th over - 0 run(s), 0 hit(s), 0 error(s), 1 left on base; Spanish Fork HS 9 - Evans HS 4
TOP OF THE 5TH
Spanish Fork HS batting - Pitching for Evans HS Knights : RHP Trey Sims
Batting: RHB Ron Newcombe 0-0: SOLO HOME RUN (Flyball, 7D), Distance : 380 ft
Batting: RHB Gary Roberts 0-0: Called Strike
0-1: Ball
1-1: SINGLE (Flyball, 4MD)
Batting: RHB Steve Meyers 0-0: Swinging Strike
0-1: Called Strike
0-2: Strikes out looking
Batting: RHB Jim Jones 0-0: Ball
1-0: Called Strike
1-1: Foul Ball, location: 2F
1-2: Fly out, F4 (Popup, 4D)
Batting: RHB Steve Myers 0-0: Foul Ball, location: 2F
0-1: Ball
Wild Pitch!
Gary Roberts to second
1-1: Foul Ball, location: 2F
1-2: Ball
2-2: Ball
3-2: Base on Balls
Batting: RHB Chester Mullins 0-0: Ball
1-0: Ball
2-0: Called Strike
2-1: Called Strike
2-2: Foul Ball, location: 2F
2-2: Ball
3-2: Base on Balls
Gary Roberts to third
Steve Myers to second
Batting: RHB Peter Jones 0-0: GRAND SLAM HOME RUN (Flyball, 7D), Distance : 394 ft
Batting: SHB Héctor Arteago 0-0: Called Strike
0-1: Ball
1-1: Foul Ball, location: 2F
1-2: Foul Ball, location: 2F
1-2: Strikes out swinging
Top of the 5th over - 5 run(s), 3 hit(s), 0 error(s), 0 left on base; Spanish Fork HS 14 - Evans HS 4
BOTTOM OF THE 5TH
Evans HS Knights batting - Pitching for Spanish Fork HS : RHP Wade Sweeny
Batting: LHB Gerald Murphy 0-0: Ball
1-0: Swinging Strike
1-1: Reached on error, E6 (Groundball, 6M)
Batting: LHB Michael Wilson 0-0: DOUBLE (Flyball, 9LM)
Gerald Murphy to third
Batting: RHB Bill Rice 0-0: Called Strike
0-1: Swinging Strike
0-2: Fly out, F9 (Flyball, 89M)
Runner from 3rd tags up, SCORES, no throw
Batting: LHB Nick Weber 0-0: Called Strike
Michael Wilson is caught stealing 3rd base
0-1: Foul Ball, location: 2F
0-2: Ball
1-2: SINGLE (Line Drive, 34)
Batting: RHB David Banks 0-0: Ball
1-0: Ball
2-0: Foul Ball, location: 2F
2-1: Ball
3-1: Base on Balls
Nick Weber to second
Batting: RHB Fernando Rosales 0-0: Foul Ball, location: 2F
0-1: Ball
1-1: Ball
2-1: Foul Ball, location: 2F
2-2: Strikes out looking
Bottom of the 5th over - 1 run(s), 2 hit(s), 1 error(s), 2 left on base; Spanish Fork HS 14 - Evans HS 5
TOP OF THE 6TH
Spanish Fork HS batting - Pitching for Evans HS Knights : RHP Trey Sims
Pitching: RHP Rubén Romano
Batting: RHB Ray Hernández 0-0: Called Strike
0-1: Ball
1-1: Swinging Strike
1-2: Strikes out swinging
Batting: RHB Ron Newcombe 0-0: Called Strike
0-1: Called Strike
0-2: Ball
1-2: Ground out 5-3 (Groundball, 5)
Batting: RHB Gary Roberts 0-0: Foul Ball, location: 2F
0-1: Swinging Strike
0-2: Strikes out swinging
Top of the 6th over - 0 run(s), 0 hit(s), 0 error(s), 0 left on base; Spanish Fork HS 14 - Evans HS 5
BOTTOM OF THE 6TH
Evans HS Knights batting - Pitching for Spanish Fork HS : RHP Wade Sweeny
Batting: SHB Brandon Hathaway 0-0: Ball
1-0: Ground out 6-3 (Groundball, 6)
Batting: LHB Quinn Webb 0-0: Called Strike
0-1: Foul Ball, location: 2F
0-2: Foul Ball, location: 2F
0-2: Ground out 4-3 (Groundball, 4)
Batting: RHB Harvey Mawhinney 0-0: Ball
1-0: Fly out, F9 (Flyball, 9M)
Bottom of the 6th over - 0 run(s), 0 hit(s), 0 error(s), 0 left on base; Spanish Fork HS 14 - Evans HS 5
TOP OF THE 7TH
Spanish Fork HS batting - Pitching for Evans HS Knights : RHP Rubén Romano
Batting: RHB Steve Meyers 0-0: Called Strike
0-1: Ball
1-1: Swinging Strike
1-2: Foul Ball, location: 2F
1-2: Strikes out swinging
Batting: RHB Jim Jones 0-0: Ball
1-0: Called Strike
1-1: SOLO HOME RUN (Flyball, 89XD), Distance : 412 ft
Batting: RHB Steve Myers 0-0: Ball
1-0: Ball
2-0: Fly out, F8 (Flyball, 8RXD)
Batting: RHB Chester Mullins 0-0: Called Strike
0-1: Ball
1-1: Foul Ball, location: 2F
1-2: Strikes out swinging
Top of the 7th over - 1 run(s), 1 hit(s), 0 error(s), 0 left on base; Spanish Fork HS 15 - Evans HS 5
BOTTOM OF THE 7TH
Evans HS Knights batting - Pitching for Spanish Fork HS : RHP Wade Sweeny
Pitching: RHP Nicholas Wright
Batting: LHB Gerald Murphy 0-0: Ball
1-0: Foul Ball, location: 2F
1-1: Ball
2-1: Swinging Strike
2-2: Fly out, F8 (Flyball, 89M)
Batting: LHB Michael Wilson 0-0: Ball
1-0: Ball
2-0: Called Strike
2-1: Foul Ball, location: 2F
2-2: Foul Ball, location: 2F
2-2: Strikes out swinging
Batting: RHB Bill Rice 0-0: Ball
1-0: Foul Ball, location: 2F
1-1: Ball
2-1: Ball
3-1: Base on Balls
Batting: LHB Nick Weber 0-0: Swinging Strike
0-1: Foul Ball, location: 2F
0-2: Strikes out looking
Bottom of the 7th over - 0 run(s), 0 hit(s), 0 error(s), 1 left on base; Spanish Fork HS 15 - Evans HS 5
TOP OF THE 8TH
Spanish Fork HS batting - Pitching for Evans HS Knights : RHP Rubén Romano
Pitching: RHP Cole Reynolds
Batting: RHB Peter Jones 0-0: Called Strike
0-1: Ball
1-1: Foul Ball, location: 2F
1-2: Strikes out swinging
Batting: SHB Héctor Arteago 0-0: Called Strike
0-1: Swinging Strike
0-2: Ball
1-2: Ground out U3 (Groundball, 3)
Batting: RHB Ray Hernández 0-0: Called Strike
0-1: Foul Ball, location: 2F
0-2: Fly out, F8 (Flyball, 8RM)
Top of the 8th over - 0 run(s), 0 hit(s), 0 error(s), 0 left on base; Spanish Fork HS 15 - Evans HS 5
BOTTOM OF THE 8TH
Evans HS Knights batting - Pitching for Spanish Fork HS : RHP Nicholas Wright
Batting: RHB David Banks 0-0: Ball
1-0: Ball
2-0: Ball
3-0: Base on Balls
Batting: RHB Fernando Rosales 0-0: Called Strike
0-1: Ball
Single, Error in OF, E7, batter to second base
David Banks to third
Batting: SHB Brandon Hathaway 0-0: Ball
1-0: Ball
2-0: Ball
3-0: Base on Balls
Batting: LHB Quinn Webb 0-0: Fly out, F7 (Popup, 7S)
Batting: RHB Harvey Mawhinney 0-0: Ball
1-0: Ball
2-0: Ball
3-0: Called Strike
3-1: Base on Balls
David Banks scores
Fernando Rosales to third
Brandon Hathaway to second
Batting: LHB Gerald Murphy 0-0: Ball
1-0: Ball
2-0: Ball
3-0: Called Strike
3-1: Base on Balls
Fernando Rosales scores
Brandon Hathaway to third
Harvey Mawhinney to second
Batting: LHB Michael Wilson 0-0: Ball
1-0: Fly out, F9 (Flyball, 9M)
Runner from 3rd tags up, SCORES, throw made
Batting: RHB Bill Rice 0-0: Ground out 6-3 (Groundball, 56)
Bottom of the 8th over - 3 run(s), 1 hit(s), 1 error(s), 2 left on base; Spanish Fork HS 15 - Evans HS 8
TOP OF THE 9TH
Spanish Fork HS batting - Pitching for Evans HS Knights : RHP Cole Reynolds
Pitching: LHP Mel Hart
Batting: RHB Ron Newcombe 0-0: Foul Ball, location: 2F
0-1: Ball
1-1: Swinging Strike
1-2: Foul Ball, location: 2F
1-2: Foul Ball, location: 2F
1-2: Ball
2-2: Foul Ball, location: 2F
2-2: Ball
3-2: SINGLE (Line Drive, 4MD)
Batting: RHB Gary Roberts 0-0: Ball
1-0: Bunted foul
1-1: Reached on error, E5 (Groundball, 5S)
Ron Newcombe to second
Batting: RHB Steve Meyers 0-0: SINGLE (Line Drive, 4D)
Ron Newcombe to third
Gary Roberts to second
Batting: RHB Jim Jones 0-0: Reached on error, E6 (Groundball, 6)
Ron Newcombe scores
Gary Roberts to third
Steve Meyers to second
Batting: RHB Steve Myers 0-0: Called Strike
0-1: SINGLE (Line Drive, 89S)
Gary Roberts scores
Steve Meyers to third
Jim Jones to second
Runner from 3rd tries for Home, SAFE, no throw or cutoff
Batting: RHB Chester Mullins 0-0: Called Strike
0-1: Called Strike
0-2: Foul Ball, location: 2F
0-2: Ball
1-2: Reached on Error, E8 (Flyball, 8LS)
Jim Jones to third
Steve Myers to second
Batting: RHB Peter Jones 0-0: Ball
1-0: Called Strike
1-1: Ball
2-1: Swinging Strike
2-2: Ball
3-2: Base on Balls
Jim Jones scores
Steve Myers to third
Chester Mullins to second
Pinch Hitting: RHB Billy Forbes 0-0: Ball
1-0: Ball
2-0: Called Strike
2-1: Ball
3-1: Foul Ball, location: 2F
3-2: Base on Balls
Steve Myers scores
Chester Mullins to third
Peter Jones to second
Pitching: RHP Marc Miller
Batting: RHB Ray Hernández 0-0: Ball
1-0: Ball
2-0: SINGLE (Line Drive, 56D)
Chester Mullins scores
Peter Jones to third
Billy Forbes to second
Batting: RHB Ron Newcombe 0-0: Called Strike
0-1: Called Strike
0-2: Ball
1-2: Strikes out swinging
Batting: RHB Gary Roberts 0-0: Called Strike
0-1: Foul Ball, location: 2F
0-2: Ball
1-2: Ball
2-2: DOUBLE (Line Drive, 8RM)
Peter Jones scores
Billy Forbes scores
Ray Hernández to third
Batting: RHB Steve Meyers 0-0: Ball
1-0: Ball
2-0: Called Strike
2-1: Fly out, F7 (Flyball, 7M)
Runner from 3rd tags up, SCORES, throw made
Batting: RHB Jim Jones 0-0: Called Strike
0-1: Swinging Strike
0-2: Strikes out looking
Top of the 9th over - 9 run(s), 5 hit(s), 3 error(s), 1 left on base; Spanish Fork HS 24 - Evans HS 8
BOTTOM OF THE 9TH
Evans HS Knights batting - Pitching for Spanish Fork HS : RHP Nicholas Wright
Now at 3B: Billy Forbes
Batting: LHB Nick Weber 0-0: Foul Ball, location: 2F
0-1: Fly out, F1 (Popup, 15S)
Batting: RHB David Banks 0-0: Called Strike
0-1: Ground out 1-3 (Groundball, 25)
Batting: RHB Fernando Rosales 0-0: Called Strike
0-1: Fly out, F9 (Flyball, 9M)
Bottom of the 9th over - 0 run(s), 0 hit(s), 0 error(s), 0 left on base; Spanish Fork HS 24 - Evans HS 8
This league is powered by Out of the Park Baseball, the baseball management simulation game for PC, Mac and Linux
Tuesday, August 2nd, 2016 - OOTP Baseball 16.8 Build 38